| TOP OF THE 1ST |
|
Lehigh Valley IronPigs batting - Pitching for Colorado Springs Sky Sox : RHP Victor Castillo
|
|
Pitching: RHP Victor Castillo
|
|
|
Batting: LHB Theodore Conboy
|
0-0: Called Strike 0-1: SINGLE (Groundball, 6S, EV 70.6 MPH) (infield hit)
|
|
Batting: RHB Alberto Ramirez
|
0-0: Called Strike Theodore Conboy steals 2nd base 0-1: Foul Ball, location: 2F 0-2: SINGLE (Line Drive, 7S, EV 108.1 MPH) Theodore Conboy to third
|
|
Batting: RHB Carlos Morejon
|
0-0: Ball Alberto Ramirez steals 2nd base 1-0: Ball 2-0: Ball 3-0: Base on Balls
|
|
Batting: LHB Josh George
|
0-0: Called Strike 0-1: Swinging Strike 0-2: Ball 1-2: Foul Ball, location: 2F 1-2: Ball 2-2: Strikes out swinging
|
|
Batting: RHB Victor Arroyo
|
0-0: Ball 1-0: Ball 2-0: Ball 3-0: Called Strike 3-1: Base on Balls Theodore Conboy scores Alberto Ramirez to third Carlos Morejon to second
|
|
Batting: RHB Mark Schultz
|
0-0: Called Strike 0-1: Foul Ball, location: 2F 0-2: Ball 1-2: Fly out, F8 (Flyball, 8RD, EV 91.9 MPH) Runner from 3rd tags up, SCORES, no throw by CF
|
|
Batting: SHB Benjamin Brown
|
0-0: Called Strike 0-1: Foul Ball, location: 2F 0-2: Foul Ball, location: 2F 0-2: Foul Ball, location: 2F 0-2: Ball 1-2: Foul Ball, location: 2F 1-2: Fly out, F8 (Line Drive, 8RM, EV 103.8 MPH)
|
| Top of the 1st over - 2 runs, 2 hits, 0 errors, 2 left on base; Lehigh Valley 2 - Colorado Springs 0 |
| BOTTOM OF THE 1ST |
|
Colorado Springs Sky Sox batting - Pitching for Lehigh Valley IronPigs : RHP Georgs Felitti
|
|
Pitching: RHP Georgs Felitti
|
|
|
Batting: LHB Greg Valenzuela
|
0-0: Called Strike 0-1: Called Strike 0-2: Ball 1-2: Ball 2-2: Foul Ball, location: 2F 2-2: Reached on error, E6 (Groundball, 4MS, EV 67.5 MPH)
|
|
Batting: RHB Juan Figueroa
|
0-0: Ball 1-0: Swinging Strike 1-1: Foul Ball, location: 2F 1-2: DOUBLE (Flyball, 8RD, EV 105.0 MPH) Greg Valenzuela scores
|
|
Batting: RHB Mike McElroy
|
0-0: Called Strike 0-1: Foul Ball, location: 2F 0-2: Foul Ball, location: 2F 0-2: Ball 1-2: Strikes out looking
|
|
Batting: LHB Luke Coulter
|
0-0: Ball 1-0: DOUBLE (Groundball, 3L, EV 106.2 MPH) Juan Figueroa scores
|
|
Batting: RHB John Boyer
|
0-0: Called Strike 0-1: SINGLE (Groundball, 56S, EV 75.0 MPH) (infield hit) Luke Coulter to third
|
|
Batting: SHB Jeff Sorrels
|
0-0: Called Strike 0-1: Grounds into double play, 4-6-3 (Groundball, 4, EV 98.8 MPH)
|
| Bottom of the 1st over - 2 runs, 3 hits, 1 error, 1 left on base; Lehigh Valley 2 - Colorado Springs 2 |
| TOP OF THE 2ND |
|
Lehigh Valley IronPigs batting - Pitching for Colorado Springs Sky Sox : RHP Victor Castillo
|
|
Batting: SHB Marco de Leon
|
0-0: Called Strike 0-1: Foul Ball, location: 2F 0-2: Ball 1-2: Ball 2-2: SINGLE (Groundball, 56, EV 104.4 MPH)
|
|
Batting: RHB Kyle Reilly
|
0-0: Ball 1-0: Foul Ball, location: 2F 1-1: DOUBLE (Line Drive, 7LM, EV 100.6 MPH) Marco de Leon to third
|
|
Batting: LHB Theodore Conboy
|
0-0: Foul Ball, location: 2F 0-1: Swinging Strike 0-2: Ball 1-2: Foul Ball, location: 2F 1-2: Strikes out swinging
|
|
Batting: RHB Alberto Ramirez
|
0-0: Fly out, F3 (Popup, 3SF, EV 76.9 MPH)
|
|
Batting: RHB Carlos Morejon
|
0-0: Ball 1-0: Ball 2-0: Fly out, F9 (Line Drive, 9S, EV 100.0 MPH)
|
| Top of the 2nd over - 0 runs, 2 hits, 0 errors, 2 left on base; Lehigh Valley 2 - Colorado Springs 2 |
| BOTTOM OF THE 2ND |
|
Colorado Springs Sky Sox batting - Pitching for Lehigh Valley IronPigs : RHP Georgs Felitti
|
|
Batting: SHB Jamie Mims
|
0-0: Reaches on Catchers interference
|
|
Batting: RHB John Stevenson
|
0-0: Ball 1-0: Swinging Strike 1-1: Called Strike 1-2: Strikes out swinging
|
|
Batting: RHB Kevin McKasson
|
0-0: Ball 1-0: Called Strike 1-1: Fielders Choice at 2nd, 6-4 (Groundball, 6, EV 84.4 MPH)
|
|
Batting: LHB Greg Valenzuela
|
0-0: Ball 1-0: Called Strike 1-1: Swinging Strike 1-2: Foul Ball, location: 2F 1-2: Strikes out swinging
|
| Bottom of the 2nd over - 0 runs, 0 hits, 1 error, 1 left on base; Lehigh Valley 2 - Colorado Springs 2 |
| TOP OF THE 3RD |
|
Lehigh Valley IronPigs batting - Pitching for Colorado Springs Sky Sox : RHP Victor Castillo
|
|
Batting: LHB Josh George
|
0-0: Ball 1-0: Called Strike 1-1: Called Strike 1-2: Strikes out swinging
|
|
Batting: RHB Victor Arroyo
|
0-0: Ball 1-0: Ball 2-0: Called Strike 2-1: Ground out 6-3 (Groundball, 6, EV 101.9 MPH)
|
|
Batting: RHB Mark Schultz
|
0-0: SINGLE (Line Drive, 3D, EV 103.8 MPH)
|
|
Batting: SHB Benjamin Brown
|
0-0: Called Strike 0-1: SINGLE (Groundball, 34D, EV 111.9 MPH) Mark Schultz to second Runner from 2nd tries for 3rd, SAFE, throw by RF made to third
|
|
Batting: SHB Marco de Leon
|
0-0: Foul Ball, location: 2F 0-1: Ball Benjamin Brown steals 2nd base 1-1: Foul Ball, location: 2F 1-2: Foul Ball, location: 2F 1-2: Foul Ball, location: 2F 1-2: Ground out 3-1 (Groundball, 34, EV 81.2 MPH)
|
| Top of the 3rd over - 0 runs, 2 hits, 0 errors, 2 left on base; Lehigh Valley 2 - Colorado Springs 2 |
| BOTTOM OF THE 3RD |
|
Colorado Springs Sky Sox batting - Pitching for Lehigh Valley IronPigs : RHP Georgs Felitti
|
|
Batting: RHB Juan Figueroa
|
0-0: Ball 1-0: Called Strike 1-1: Foul Ball, location: 2F 1-2: SINGLE (Flyball, 4MD, EV 93.1 MPH)
|
|
Batting: RHB Mike McElroy
|
0-0: Ball Juan Figueroa is caught stealing 2nd base 2-4 1-0: Called Strike 1-1: Foul Ball, location: 2F 1-2: Strikes out swinging
|
|
Batting: LHB Luke Coulter
|
0-0: SINGLE (Groundball, 25, EV 62.5 MPH) (infield hit)
|
|
Batting: RHB John Boyer
|
0-0: Ball 1-0: Ball 2-0: Called Strike 2-1: Called Strike 2-2: SINGLE (Line Drive, 89S, EV 96.2 MPH) Luke Coulter to second Runner from 2nd tries for 3rd, SAFE, throw by RF made to third
|
|
Batting: SHB Jeff Sorrels
|
0-0: Called Strike 0-1: Ball 1-1: Ball 2-1: Called Strike 2-2: Ground out 4-3 (Groundball, 4S, EV 65.6 MPH)
|
| Bottom of the 3rd over - 0 runs, 3 hits, 0 errors, 2 left on base; Lehigh Valley 2 - Colorado Springs 2 |
| TOP OF THE 4TH |
|
Lehigh Valley IronPigs batting - Pitching for Colorado Springs Sky Sox : RHP Victor Castillo
|
|
Batting: RHB Kyle Reilly
|
0-0: Called Strike 0-1: Ball 1-1: Called Strike 1-2: Foul Ball, location: 2F 1-2: Foul Ball, location: 2F 1-2: Ball 2-2: Foul Ball, location: 2F 2-2: Foul Ball, location: 2F 2-2: Fly out, F8 (Line Drive, 8RM, EV 110.0 MPH)
|
|
Batting: LHB Theodore Conboy
|
0-0: TRIPLE (Line Drive, 89XD, EV 105.6 MPH)
|
|
Batting: RHB Alberto Ramirez
|
0-0: Ball 1-0: Called Strike 1-1: Called Strike 1-2: Foul Ball, location: 2F 1-2: SINGLE (Flyball, 56D, EV 93.8 MPH) Theodore Conboy scores
|
|
Batting: RHB Carlos Morejon
|
0-0: SINGLE (Groundball, 34S, EV 82.5 MPH) (infield hit) Alberto Ramirez to second
|
|
Batting: LHB Josh George
|
0-0: Ball 1-0: Fly out, F9 (Line Drive, 9LS, EV 100.6 MPH)
|
|
Batting: RHB Victor Arroyo
|
0-0: Ball 1-0: Ground out 5-3 (Groundball, 56S, EV 65.6 MPH)
|
| Top of the 4th over - 1 run, 3 hits, 0 errors, 2 left on base; Lehigh Valley 3 - Colorado Springs 2 |
| BOTTOM OF THE 4TH |
|
Colorado Springs Sky Sox batting - Pitching for Lehigh Valley IronPigs : RHP Georgs Felitti
|
|
Batting: SHB Jamie Mims
|
0-0: Ball 1-0: Ground out 5-3 (Groundball, 56, EV 102.5 MPH)
|
|
Batting: RHB John Stevenson
|
0-0: Ground out U3 (Groundball, 34S, EV 77.5 MPH)
|
|
Batting: RHB Kevin McKasson
|
0-0: Ball 1-0: Ball 2-0: Ball 3-0: Foul Ball, location: 2F 3-1: Ground out 1-3 (Groundball, 15S, EV 68.8 MPH)
|
| Bottom of the 4th over - 0 runs, 0 hits, 0 errors, 0 left on base; Lehigh Valley 3 - Colorado Springs 2 |
| TOP OF THE 5TH |
|
Lehigh Valley IronPigs batting - Pitching for Colorado Springs Sky Sox : RHP Victor Castillo
|
|
Batting: RHB Mark Schultz
|
0-0: Ball 1-0: Ball 2-0: Ball 3-0: Foul Ball, location: 2F 3-1: Base on Balls
|
|
Batting: SHB Benjamin Brown
|
0-0: Called Strike Mark Schultz steals 2nd base 0-1: Swinging Strike 0-2: Ball 1-2: Fly out, F8 (Flyball, 8LM, EV 91.9 MPH)
|
|
Pitching: RHP Zach Sommer
|
|
|
Batting: SHB Marco de Leon
|
0-0: Ball 1-0: Ball 2-0: Foul Ball, location: 2F 2-1: Foul Ball, location: 2F 2-2: Foul Ball, location: 2F 2-2: Ball 3-2: Foul Ball, location: 2F 3-2: Base on Balls
|
|
Batting: RHB Kyle Reilly
|
0-0: Called Strike 0-1: Swinging Strike 0-2: Ball 1-2: Strikes out swinging
|
|
Batting: LHB Theodore Conboy
|
0-0: Called Strike 0-1: Ball 1-1: Ball 2-1: Ball 3-1: Base on Balls Mark Schultz to third Marco de Leon to second
|
|
Batting: RHB Alberto Ramirez
|
0-0: Ball 1-0: Ball 2-0: Swinging Strike 2-1: Foul Ball, location: 2F 2-2: Ball 3-2: Foul Ball, location: 2F 3-2: Foul Ball, location: 2F 3-2: Strikes out swinging
|
| Top of the 5th over - 0 runs, 0 hits, 0 errors, 3 left on base; Lehigh Valley 3 - Colorado Springs 2 |
| BOTTOM OF THE 5TH |
|
Colorado Springs Sky Sox batting - Pitching for Lehigh Valley IronPigs : RHP Georgs Felitti
|
|
Batting: LHB Greg Valenzuela
|
0-0: Ground out 4-3 (Groundball, 4, EV 78.8 MPH)
|
|
Batting: RHB Juan Figueroa
|
0-0: Called Strike 0-1: Called Strike 0-2: Ball 1-2: Ball 2-2: Ball 3-2: Strikes out swinging
|
|
Batting: RHB Mike McElroy
|
0-0: Called Strike 0-1: Foul Ball, location: 2F 0-2: Ball 1-2: Ball 2-2: Ball 3-2: Foul Ball, location: 2F 3-2: DOUBLE (Line Drive, 9LS, EV 99.4 MPH)
|
|
Batting: LHB Luke Coulter
|
0-0: Swinging Strike 0-1: Swinging Strike 0-2: Strikes out swinging
|
| Bottom of the 5th over - 0 runs, 1 hit, 0 errors, 1 left on base; Lehigh Valley 3 - Colorado Springs 2 |
| TOP OF THE 6TH |
|
Lehigh Valley IronPigs batting - Pitching for Colorado Springs Sky Sox : RHP Zach Sommer
|
|
Batting: RHB Carlos Morejon
|
0-0: Ball 1-0: Ball 2-0: SINGLE (Groundball, 56D, EV 106.2 MPH)
|
|
Batting: LHB Josh George
|
0-0: Ball 1-0: Foul Ball, location: 2F 1-1: Ball 2-1: Fly out, F7 (Flyball, 7, EV 71.9 MPH)
|
|
Batting: RHB Victor Arroyo
|
0-0: Ball 1-0: Called Strike 1-1: Ball 2-1: SINGLE (Line Drive, 56D, EV 102.5 MPH) Carlos Morejon to second
|
|
Batting: RHB Mark Schultz
|
0-0: Called Strike 0-1: Foul Ball, location: 2F 0-2: Foul Ball, location: 2F 0-2: Strikes out looking
|
|
Batting: SHB Benjamin Brown
|
0-0: Called Strike 0-1: Ball 1-1: Foul Ball, location: 2F 1-2: Strikes out swinging
|
| Top of the 6th over - 0 runs, 2 hits, 0 errors, 2 left on base; Lehigh Valley 3 - Colorado Springs 2 |
| BOTTOM OF THE 6TH |
|
Colorado Springs Sky Sox batting - Pitching for Lehigh Valley IronPigs : RHP Georgs Felitti
|
|
Batting: RHB John Boyer
|
0-0: Ball 1-0: Foul Ball, location: 2F 1-1: Ball 2-1: Called Strike 2-2: Ball 3-2: Foul Ball, location: 2F 3-2: Base on Balls
|
|
Pitching: LHP Ignacio Amaya
|
|
|
Batting: SHB Jeff Sorrels
|
0-0: Ball 1-0: Called Strike 1-1: Fielders Choice at 2nd, 6-4 (Groundball, 6, EV 91.9 MPH)
|
|
Batting: SHB Jamie Mims
|
0-0: Ball 1-0: Ball 2-0: Called Strike 2-1: Swinging Strike 2-2: Grounds into double play, 4-6-3 (Groundball, 4, EV 86.9 MPH)
|
| Bottom of the 6th over - 0 runs, 0 hits, 0 errors, 0 left on base; Lehigh Valley 3 - Colorado Springs 2 |
| TOP OF THE 7TH |
|
Lehigh Valley IronPigs batting - Pitching for Colorado Springs Sky Sox : RHP Zach Sommer
|
|
Pitching: RHP Mike Clark
|
|
|
Batting: SHB Marco de Leon
|
0-0: Swinging Strike 0-1: Ball 1-1: Foul Ball, location: 2F 1-2: Foul Ball, location: 2F 1-2: Ball 2-2: DOUBLE (Flyball, 89XD, EV 95.6 MPH)
|
|
Batting: RHB Kyle Reilly
|
0-0: Ball 1-0: Called Strike 1-1: SINGLE (Line Drive, 4MD, EV 96.9 MPH) Marco de Leon to third
|
|
Batting: LHB Theodore Conboy
|
0-0: Ball 1-0: Ball 2-0: Ball Kyle Reilly steals 2nd base 3-0: Called Strike 3-1: Foul Ball, location: 2F 3-2: Fly out, F4 (Popup, 4S, EV 69.4 MPH)
|
|
Batting: RHB Alberto Ramirez
|
0-0: Called Strike 0-1: Ground out 6-3 (Groundball, 6, EV 91.2 MPH)
|
|
Batting: RHB Carlos Morejon
|
0-0: Called Strike 0-1: Ball 1-1: Ball 2-1: Fly out, F8 (Flyball, 8RD, EV 91.9 MPH)
|
| Top of the 7th over - 0 runs, 2 hits, 0 errors, 2 left on base; Lehigh Valley 3 - Colorado Springs 2 |
| BOTTOM OF THE 7TH |
|
Colorado Springs Sky Sox batting - Pitching for Lehigh Valley IronPigs : LHP Ignacio Amaya
|
|
Pitching: RHP Dustin Greaves
|
|
|
Pinch Hitting: SHB Bobby Santor
|
0-0: Swinging Strike 0-1: Swinging Strike 0-2: Fly out, F7 (Flyball, 7, EV 83.1 MPH)
|
|
Batting: RHB Kevin McKasson
|
0-0: Foul Ball, location: 2F 0-1: Fly out, F7 (Flyball, 7, EV 93.1 MPH)
|
|
Batting: LHB Greg Valenzuela
|
0-0: Called Strike 0-1: Ball 1-1: SINGLE (Flyball, 8RS, EV 86.9 MPH)
|
|
Batting: RHB Juan Figueroa
|
0-0: Ball 1-0: Ball 2-0: Ball Greg Valenzuela steals 2nd base 3-0: Foul Ball, location: 2F 3-1: Base on Balls
|
|
Batting: RHB Mike McElroy
|
0-0: Called Strike 0-1: Foul Ball, location: 2F 0-2: Ball 1-2: Ball 2-2: Foul Ball, location: 2F 2-2: Ball 3-2: Ground out 1-3 (Groundball, P, EV 66.9 MPH)
|
| Bottom of the 7th over - 0 runs, 1 hit, 0 errors, 2 left on base; Lehigh Valley 3 - Colorado Springs 2 |
| TOP OF THE 8TH |
|
Lehigh Valley IronPigs batting - Pitching for Colorado Springs Sky Sox : RHP Mike Clark
|
|
Pitching: LHP Bill Ogren
|
|
|
Now in CF: Steve Gilliam
|
|
|
Batting: LHB Josh George
|
0-0: Ball 1-0: Ball 2-0: Ball 3-0: Called Strike 3-1: Base on Balls
|
|
Batting: RHB Victor Arroyo
|
0-0: Ball 1-0: Called Strike 1-1: Ball 2-1: Ball 3-1: Called Strike 3-2: Fly out, F5 (Popup, 5SF, EV 70.0 MPH)
|
|
Batting: RHB Mark Schultz
|
0-0: Swinging Strike 0-1: Ground out 5-3 (Groundball, 25, EV 70.6 MPH) Josh George to second
|
|
Batting: SHB Benjamin Brown
|
0-0: Ball 1-0: Swinging Strike 1-1: Ball 2-1: Foul Ball, location: 2F 2-2: Foul Ball, location: 2F 2-2: Strikes out swinging
|
| Top of the 8th over - 0 runs, 0 hits, 0 errors, 1 left on base; Lehigh Valley 3 - Colorado Springs 2 |
| BOTTOM OF THE 8TH |
|
Colorado Springs Sky Sox batting - Pitching for Lehigh Valley IronPigs : RHP Dustin Greaves
|
|
Pitching: LHP Brian Wildrick
|
|
|
Batting: LHB Luke Coulter
|
0-0: Ball 1-0: Foul Ball, location: 2F 1-1: DOUBLE (Line Drive, 78D, EV 109.4 MPH)
|
|
Pitching: RHP Manny Cordova
|
|
|
Batting: RHB John Boyer
|
0-0: Called Strike 0-1: Called Strike 0-2: Ball 1-2: Strikes out swinging
|
|
Batting: SHB Jeff Sorrels
|
0-0: Ball 1-0: Ball 2-0: Called Strike 2-1: Ball 3-1: Base on Balls
|
|
Batting: SHB Jamie Mims
|
0-0: Ball 1-0: Ball 2-0: Foul Ball, location: 2F 2-1: Swinging Strike 2-2: Foul Ball, location: 2F 2-2: Fielders Choice at 2nd, 4-6 (Groundball, 4, EV 80.6 MPH) Luke Coulter to third
|
|
Batting: LHB Steve Gilliam
|
0-0: Fielders Choice at 2nd, 6-4 (Groundball, 56, EV 107.5 MPH)
|
| Bottom of the 8th over - 0 runs, 1 hit, 0 errors, 2 left on base; Lehigh Valley 3 - Colorado Springs 2 |
| TOP OF THE 9TH |
|
Lehigh Valley IronPigs batting - Pitching for Colorado Springs Sky Sox : LHP Bill Ogren
|
|
Pitching: RHP Davon Ware
|
|
|
Batting: SHB Marco de Leon
|
0-0: Ball 1-0: Called Strike 1-1: Ball 2-1: Ground out 4-3 (Groundball, 4, EV 94.4 MPH)
|
|
Batting: RHB Kyle Reilly
|
0-0: Swinging Strike 0-1: Ball 1-1: Foul Ball, location: 2F 1-2: Ball 2-2: Ball 3-2: Foul Ball, location: 2F 3-2: TRIPLE (Flyball, 89XD, EV 99.4 MPH)
|
|
Batting: LHB Theodore Conboy
|
0-0: Ball 1-0: Swinging Strike 1-1: Foul Ball, location: 2F 1-2: Foul Ball, location: 2F 1-2: Ground out U3 (Groundball, 3, EV 100.0 MPH)
|
|
Batting: RHB Alberto Ramirez
|
0-0: Called Strike 0-1: Fly out, F7 (Flyball, 78M, EV 93.1 MPH)
|
| Top of the 9th over - 0 runs, 1 hit, 0 errors, 1 left on base; Lehigh Valley 3 - Colorado Springs 2 |
| BOTTOM OF THE 9TH |
|
Colorado Springs Sky Sox batting - Pitching for Lehigh Valley IronPigs : RHP Manny Cordova
|
|
Pitching: RHP Andy Burchfield
|
|
|
Now at 1B: Marco de Leon
|
|
|
Now at 2B: Jose Carlos
|
|
|
Batting: RHB Kevin McKasson
|
0-0: Foul Ball, location: 2F 0-1: Ball 1-1: Called Strike 1-2: Strikes out swinging
|
|
Batting: LHB Greg Valenzuela
|
0-0: Ball 1-0: Ball 2-0: Ball 3-0: Called Strike 3-1: Base on Balls
|
|
Batting: RHB Juan Figueroa
|
0-0: Fly out, F9 (Flyball, 89M, EV 85.6 MPH)
|
|
Batting: RHB Mike McElroy
|
0-0: Foul Ball, location: 2F 0-1: Ball 1-1: Ball 2-1: Ball 3-1: Foul Ball, location: 2F 3-2: Fly out, F9 (Flyball, 9D, EV 85.6 MPH)
|
| Bottom of the 9th over - 0 runs, 0 hits, 0 errors, 1 left on base; Lehigh Valley 3 - Colorado Springs 2 |
|